 Dungeon Crawl Stone Soup version 0.31-a0-237-g2d982f9f85 (webtiles) character file.

Game seed: 11765211614442076389

389941 qw the Conqueror (level 22, -8/233 HPs)
             Began as a Minotaur Hexslinger on July 10, 2023.
             Was an Elder of Okawaru.
             Mangled by a vault guard
             ... wielding a +0 great sword
              (18 damage)
             ... on level 4 of the Vaults.
             The game lasted 00:24:38 (40052 turns).

qw the Conqueror (Minotaur Hexslinger)             Turns: 40052, Time: 00:24:38

Health: -8/233     AC: 17    Str: 15    XL:     22   Next: 7%
Magic:  29/29      EV: 53    Int: 12    God:    Okawaru [****..]
Gold:   1493       SH:  0    Dex: 50    Spells: 22/23 levels left

rFire   . . .        n - +7 longbow of Doom {elec, Will+ Int+2 Dex+3 Stlth+}
rCold   . . .        (shield currently unavailable)
rNeg    . . .        k - +5 leather armour of Supniff {Dex+3 SInv}
rPois   .            (helmet restricted)
rElec   .            A - +0 cloak "Lofaxzushru" {Dex+4}
rCorr   .            g - +2 pair of gloves
SInv    +            B - +0 pair of boots of the Old World {Dex+6}
Will    ++...        y - amulet of regeneration
Stlth   ++++         e - +6 ring of dexterity
HPRegen 1.38/turn    f - +6 ring of dexterity
MPRegen 0.21/turn

%: no passive effects
@: about to teleport
A: horns 2, retaliatory headbutt
}: 2/15 runes: barnacled, gossamer
a: Renounce Religion, Heroism, Finesse


You were on level 4 of the Vaults.
You worshipped Okawaru.
Okawaru was greatly pleased with you.
You visited 8 branches of the dungeon, and saw 40 of its levels.
You also visited: Sewer and Ossuary.

You collected 5831 gold pieces.
You spent 4338 gold pieces at shops.


Innate Abilities, Weirdness & Mutations

You have a pair of horns on your head.
You reflexively headbutt those who attack you in melee.


   Skills:
 O Level 27 Fighting
 - Level 22.0 Ranged Weapons
 + Level 17.6 Armour
 - Level 22.0 Dodging
 - Level 1.0 Spellcasting
 - Level 2.0 Hexes
 - Level 11.2 Invocations


You had 22 spell levels left.
You knew the following spells:

 Your Spells              Type           Power      Damage    Failure   Level
a - Slow                  Hex            20%        N/A       14%         1

Your spell library contained the following spells:

 Spells                   Type           Power      Damage    Failure   Level
 Inner Flame              Hex/Fire       3%         N/A       54%         3
 Portal Projectile        Hex/Tloc       6%         N/A       54%         3
 Cause Fear               Hex            2%         N/A       82%         4

Inventory:

Hand Weapons
 n - the +7 longbow of Doom (weapon) {elec, Will+ Int+2 Dex+3 Stlth+}
   (Okawaru gifted it to you on level 5 of the Lair of Beasts)

   Int:       It affects your intelligence (+2).
   Dex:       It affects your dexterity (+3).
   Will:      It increases your willpower.
   Stlth:     It makes you more stealthy.
Armour
 g - a +2 pair of gloves (worn)
 k - the +5 leather armour of Supniff (worn) {Dex+3 SInv}
   (You bought it in a shop on level 3 of the Vaults)

   Dex:       It affects your dexterity (+3).
   SInv:      It lets you see invisible.
 z - a scarf of resistance
 A - the +0 cloak "Lofaxzushru" (worn) {Dex+4}
   (You found it on level 2 of the Vaults)

   Dex:       It affects your dexterity (+4).
 B - the +0 pair of boots of the Old World (worn) {Dex+6}
   (Okawaru gifted it to you on level 2 of the Vaults)

   Dex:       It affects your dexterity (+6).
Jewellery
 e - a +6 ring of dexterity (left hand)
 f - a +6 ring of dexterity (right hand)
 y - an amulet of regeneration (around neck)
Wands
 m - a wand of digging (12)
Scrolls
 j - 14 scrolls of identify
 q - 15 scrolls of teleportation
 v - 3 scrolls of enchant weapon
 w - 2 scrolls of enchant armour
Potions
 b - 9 potions of might
 c - 10 potions of enlightenment
 d - 2 potions of haste
 h - 19 potions of curing
 l - 9 potions of mutation
 o - 8 potions of heal wounds
 p - 6 potions of magic
 s - 2 potions of cancellation

Dungeon Overview and Level Annotations

Branches:
Dungeon (15/15)            Temple (1/1) D:4            Lair (5/5) D:8
 Shoals (4/4) Lair:3       Spider (4/4) Lair:2        Slime (0/5) Lair:5
    Orc (2/2) D:9             Elf (0/3) Orc:2        Vaults (5/5) D:13
  Crypt (0/3) Vaults:2     Depths (4/4) D:15            Zot (0/5) Depths:4
  Sewer (visited)         Ossuary (visited)

Altars:
Ashenzari
Cheibriados
Dithmenos
Elyvilon
Fedhas
Gozag
Hepliaklqana
Kikubaaqudgha
Makhleb
Nemelex Xobeh
Okawaru
Qazlal
Ru
Sif Muna
Trog
Uskayaw
Vehumet
Wu Jian
Xom
Yredelemnul
Zin
The Shining One
Jiyva

Shops:
D:7 *   Orc:2 (:[   Shoals:2 !   Shoals:4 **   Vaults:1 (   Vaults:2 ![*
Vaults:3 [   Vaults:4 *:[?!

Portals:
Hell: Depths:1 Depths:2 Depths:3 Depths:4
Abyss: Depths:3 Depths:4
Pandemonium: Depths:2
Ziggurat: Depths:3
Trove: D:15 (give 6 scrolls of fog)

Annotations:
D:4 1 runed translucent door, Crazy Yiuf
D:5 3 runed translucent doors, qw's ghost, amateur GrHs
D:7 3 runed translucent doors, qw's ghost, amateur MiHs
D:11 1 runed translucent door
Lair:4 3 runed translucent doors, qw's ghost, journeyman GrHu
Spider:1 2 transporters, qw's ghost, journeyman MiHs
Vaults:4 exclusion: ironbound convoker


Message History

The two-headed ogre convulses!
The vault guard convulses!
The two-headed ogre convulses!
The ogre convulses!
The green very ugly thing bites you!! The ogre mage barely misses you.
The sphinx mumbles some strange words.
Something smites you!
40050 ||| STAIRDANCE The tormentor calls on the powers of darkness!
The sphinx convulses!
The shadow dragon convulses!
The deep elf demonologist convulses!
The deep troll convulses!
The vault guard convulses!
The stone giant convulses!
The vault sentinel convulses!
The ogre mage convulses!
The vault guard convulses!
The green very ugly thing convulses!
The vault guard convulses!
The cyan very ugly thing convulses!
The sphinx convulses!
Your body is wracked with pain!
The two-headed ogre convulses!
The vault guard convulses!
The tengu reaver convulses!
The titan convulses!
The ogre convulses!
The vault guard convulses!
The two-headed ogre convulses!
The titan completely misses you. You furiously retaliate!
You headbutt the titan.
The deep elf demonologist casts a spell.
The vault guard hits you but does no damage.
The vault guard completely misses you.
The vault guard hits you with a +0 long sword!
The vault guard completely misses you. You furiously retaliate!
You headbutt the vault guard!
The green very ugly thing completely misses you.
You furiously retaliate!
You headbutt the green very ugly thing! The ogre completely misses you.
The sphinx casts a spell.
You resist with almost no effort.
You climb upwards.
Level annotation: exclusion: ironbound convoker
There is a stone staircase leading down, spattered with blood here.
40052 ||| READING 16 scrolls of teleportation.
As you read the scroll of teleportation, it crumbles to dust.
You feel strangely unstable. The titan completely misses you.
The vault guard closely misses you. You furiously retaliate!
You headbutt the vault guard.
The vault guard hits you with a +0 great sword!!
You die...

..# #......#
#......# ###
########
####'#######
###########
#########..........#
..........#
#.......#..........#
..........#
#.......#..........#
..........#
#.......#.\........#
..........#
#.......'..........#
..........#
#.pup...#..........#
..........#
#.p@H...#####''#'###
..........#
#.C[O...##^......#
#####'#####
#.......##.......#
.........#
##########.......#
.........# #######
#.......# .........#
#.....# #.......#
.........# #.....#
#.......# .........#
##..#..######'#####
......\..#
#...#...#.....#


You could see a titan, a green very ugly thing, a sphinx, 3 vault guards and a
two-headed ogre.

Vanquished Creatures
  A dread lich (Depths:3)
  A juggernaut (Depths:2)
  Bai Suzhen (Shoals:4)
  3 golden dragons
  A bone dragon (Depths:4)
  Arachne (Spider:3)
  Rupert (D:13)
  A lich (Depths:4)
  A titan (Vaults:4)
  2 quicksilver dragons
  Asterion (Spider:3)
  2 sphinxes (Vaults:4)
  3 shadow dragons (Depths:3)
  Donald (Spider:3)
  A tengu reaver (Depths:4)
  5 nagarajas (Depths:4)
  A draconian monk (Depths:4)
  5 fire giants
  5 frost giants
  A draconian scorcher (Depths:4)
  6 vault wardens
  2 spectral juggernauts (Depths:3)
  5 ghost moths
  4 emperor scorpions (Spider:4)
  3 iron dragons
  5 orc warlords
  Aizul (Spider:3)
  2 war gargoyles
  12 ironbound preservers
  A spriggan defender (Depths:2)
  17 very ugly things
  4 formless jellyfish
  14 stone giants
  Nessos (D:12)
  3 broodmothers
  2 red draconians (Depths:4)
  A green draconian (Depths:4)
  2 spectral titans (Depths:3)
  2 black draconians (Depths:4)
  8 ironbound thunderhulks
  5 vampire knights
  8 dire elephants
  A white draconian (Depths:4)
  8 spark wasps
  A deep elf death mage (Depths:3)
  A yellow draconian (Depths:4)
  2 spectral quicksilver dragons (Depths:3)
  5 ettins
  3 eidola (Depths:3)
  Snorg (D:13)
  9 merfolk impalers
  10 fire dragons
  2 green deaths
  8 entropy weavers
  7 yaktaur captains
  5 merfolk javelineers
  5 great orbs of eyes
  A spectral golden dragon (Depths:3)
  A spectral shadow dragon (Depths:3)
  2 spectral spriggans (Depths:3)
  25 vault guards
  3 spectral tengu (Depths:3)
  5 ice dragons
  3 radroaches (Spider:1)
  2 catoblepae (Lair:5)
  11 hydras
  A jorogumo (Spider:4)
  2 anacondas (Depths:4)
  2 caustic shrike simulacra (Depths:3)
  A spectral sphinx (Depths:3)
  4 merfolk avatars
  2 spectral fire giants (Depths:3)
  A death knight (D:15)
  12 ironbound frosthearts
  22 centaur warriors
  3 spriggan air magi
  A merfolk aquamancer (Shoals:4)
  5 two-headed ogres
  A boulder beetle (shapeshifter) (Vaults:4)
  3 deep troll shamans
  4 satyrs
  6 orc high priests (Orc:2)
  7 boulder beetles
  2 death scarabs
  11 naga warriors (Depths:4)
  10 demonic crawlers
  6 tengu warriors
  5 vampire magi (Depths:3)
  3 deep troll earth magi (Depths:4)
  Urug (D:13)
  A soul eater (Depths:3)
  3 spriggan berserkers
  2 spectral storm dragons (Depths:3)
  6 hell knights
  3 spriggans
  3 skysharks
  2 sixfirhies (Depths:2)
  3 spectral spark wasps (Depths:3)
  Amaemon (D:8)
  2 sun moths (Spider:2)
  4 pharaoh ants
  A death drake (shapeshifter) (Depths:3)
  A death drake (Depths:3)
  9 sea snakes
  42 deep trolls
  2 orange crystal statues (Depths:3)
  2 flayed ghosts (Depths:3)
  2 glowing orange brains
  7 iron trolls
  2 spectral iron dragons (Depths:3)
  A swamp dragon (Lair:5)
  9 orb spiders
  6 wizards
  11 orc knights
  Pikel (D:5)
  23 harpies
  12 ironbound convokers
  5 steelbarb worms
  6 lindwurms
  9 phantasmal warriors
  A necromancer (Depths:2)
  3 orc sorcerers
  19 wolf spiders
  12 cyclopes
  27 ugly things
  11 fauns (Shoals:4)
  A moth of wrath (Spider:2)
  14 manticores
  3 merfolk sirens
  10 black mambas
  4 guardian serpents (Depths:4)
  3 water nymphs (Shoals:4)
  Maurice (D:11)
  3 rust devils (Depths:2)
  2 titan simulacra (Depths:3)
  6 torpor snails
  13 elephants
  2 storm dragon simulacra (Depths:3)
  7 naga magi (Depths:4)
  12 vault sentinels
  Maggie (D:7)
  An orange demon (D:8)
  17 cane toads
  5 kobold demonologists
  2 unseen horrors
  2 gargoyles
  A komodo dragon (shapeshifter) (D:14)
  22 yaktaurs
  8 rime drakes
  4 komodo dragons
  6 spectral glowing shapeshifters (Depths:3)
  3 red devils (Depths:2)
  4 tengu conjurers
  5 trolls
  5 polar bears
  6 meliai
  17 merfolk
  A tyrant leech (Lair:5)
  A sphinx simulacrum (Depths:3)
  10 blink frogs
  3 hornets
  4 snapping turtles
  A shadow dragon simulacrum (Depths:3)
  20 tarantellas
  2 wind drakes
  An iron dragon simulacrum (Depths:3)
  45 jumping spiders
  A centaur simulacrum (D:15)
  Sigmund (D:5)
  30 culicivoras
  A shadow (D:11)
  32 slime creatures
  A ynoxinul (Depths:2)
  8 wyverns
  48 yaks
  6 wraiths
  8 water elementals
  6 basilisks
  16 humans
  8 steam dragons
  54 redbacks
  Edmund (D:4)
  2 swamp worms (Lair:5)
  A naga (Depths:4)
  3 acid dragons
  9 wargs
  19 orc warriors
  2 floating eyes
  Pargi (D:3)
  A swamp drake (Lair:5)
  2 ice beasts (D:8)
  23 water moccasins
  2 sky beasts (D:7)
  3 black bears
  6 ogres
  3 boggarts (D:14)
  8 centaurs
  21 wolves
  A lemure (D:5)
  3 phantoms
  8 kobold brigands
  Blork the orc (D:5)
  8 bullfrogs
  2 glowing shapeshifter simulacra (Depths:3)
  3 scorpions
  5 wights (D:7)
  15 killer bees
  6 howler monkeys
  An electric eel (Spider:1)
  A crimson imp (Spider:2)
  A centaur zombie (Ossuary)
  4 hounds
  37 orc priests
  A gnoll bouda (D:7)
  11 iguanas
  2 sleepcaps (D:5)
  16 orc wizards
  6 hell rats (Lair:1)
  Ijyb (D:5)
  2 mummies (Ossuary)
  16 gnolls
  11 adders
  A river rat (D:3)
  4 white imps
  An ufetubus (Vaults:4)
  2 dart slugs
  2 worms
  92 orcs
  5 ball pythons
  2 bats (D:1)
  An endoplasm (D:4)
  5 giant cockroaches
  5 gnoll zombies (Ossuary)
  7 goblins
  7 hobgoblins
  7 jackals
  6 quokkas
  A frilled lizard (D:2)
  5 goblin zombies (Ossuary)
  A hobgoblin zombie (Ossuary)
  20 kobolds
  2 orc zombies (Ossuary)
  9 rats
1588 creatures vanquished.

Vanquished Creatures (others)
  A wizard (Vaults:2)
  A tarantella (Spider:4)
  A jumping spider (Spider:3)
  An orc (Orc:1)
4 creatures vanquished.

Grand Total: 1592 creatures vanquished

Notes
Turn   | Place    | Note
-------+----------+-------------------------------------------
     0 | D:1      | qw the Minotaur Hexslinger began the quest for the Orb.
     0 | D:1      | Reached XP level 1. HP: 16/16 MP: 1/1
     0 | D:1      | 0 ||| qw: Version: 0.3-a-52-g30416fa
     0 | D:1      | 0 ||| qw: Game counter: 5313
     0 | D:1      | 0 ||| qw: Melee chars always use a shield: true
     0 | D:1      | 0 ||| qw: God list: Okawaru
     0 | D:1      | 0 ||| qw: Allow faded altars: false
     0 | D:1      | 0 ||| qw: Do Orc after clearing Dungeon:15 true
     0 | D:1      | 0 ||| qw: Do second Lair branch before Depths: true
     0 | D:1      | 0 ||| qw: Lair rune preference: random
     0 | D:1      | 0 ||| qw: Goals: Normal
     0 | D:1      | 0 ||| PLANNING D:1-11
   665 | D:1      | Reached skill level 3 in Ranged Weapons
   665 | D:1      | Reached XP level 2. HP: 23/23 MP: 2/2
   749 | D:1      | 749 ||| READING 2 scrolls labelled IJUYGU TEMMO.
   750 | D:1      | 750 ||| READING scroll labelled NYEZXO BUOMNY.
   751 | D:1      | 751 ||| READING scroll labelled NUPHOVUATO.
   752 | D:1      | 752 ||| READING scroll labelled MUUVUHIZIF.
   853 | D:1      | 853 ||| DROPPING scroll of vulnerability.
   854 | D:1      | 854 ||| DROPPING scroll of poison.
  1064 | D:2      | Reached skill level 2 in Fighting
  1281 | D:2      | 1281 ||| SWAPPING to +0 orcbow.
  1286 | D:2      | 1286 ||| DROPPING +1 sling.
  1447 | D:2      | 1447 ||| UPGRADING to +0 pair of gloves.
  1452 | D:2      | 1452 ||| READING scroll labelled GIASAW IJUPH.
  1453 | D:2      | 1453 ||| READING 3 scrolls labelled BUSHRUKH OXETONT.
  1453 | D:2      | Identified 3 scrolls of acquirement
  1453 | D:2      | 1453 ||| ACQUIRING +3 arbalest of freezing
  1453 | D:2      | Acquired a +3 arbalest of freezing
  1455 | D:2      | 1455 ||| SWAPPING to +3 arbalest of freezing.
  1456 | D:2      | 1456 ||| DROPPING +0 orcbow.
  1457 | D:2      | 1457 ||| READING 2 scrolls of acquirement.
  1457 | D:2      | 1457 ||| ACQUIRING 711 gold pieces
  1457 | D:2      | Acquired 711 gold pieces
  1458 | D:2      | 1458 ||| READING scroll of acquirement.
  1458 | D:2      | 1458 ||| ACQUIRING +0 pair of boots of Submission {Rampage
                  | MP-9 Dex+4}
  1458 | D:2      | Acquired the +0 pair of boots of Submission {Rampage MP-9
                  | Dex+4}
  1460 | D:2      | 1460 ||| UPGRADING to +0 pair of boots of Submission
                  | {Rampage MP-9 Dex+4}.
  1465 | D:2      | 1465 ||| READING scroll labelled NUFYARIAJU.
  1466 | D:2      | 1466 ||| DRINKING 2 fuming puce potions.
  1467 | D:2      | 1467 ||| DRINKING 2 sapphire potions.
  1468 | D:2      | 1468 ||| DROPPING potion of magic.
  1500 | D:3      | 1500 ||| PLANNING SEWER
  1514 | D:3      | Found a glowing drain.
  1536 | D:3      | 1536 ||| UPGRADING to +0 ring mail.
  1546 | D:3      | 1546 ||| DROPPING +0 robe.
  1553 | D:3      | Reached XP level 3. HP: 29/29 MP: 0/3
  1556 | D:3      | Reached skill level 1 in Armour
  1565 | Sewer    | Entered a sewer
  1644 | Sewer    | Noticed a water moccasin
  1646 | Sewer    | Killed a water moccasin
  1647 | Sewer    | Reached XP level 4. HP: 26/36 MP: 0/4
  1647 | Sewer    | Reached XP level 5. HP: 29/41 MP: 0/5
  1731 | D:3      | 1731 ||| PLANNING D:1-11
  1755 | D:3      | Noticed an ogre
  1761 | D:3      | HP: 3/42 [ogre/+0 giant spiked club (11)]
  1762 | D:3      | 1762 ||| DRINKING potion of heal wounds.
  1762 | D:3      | Killed an ogre
  1763 | D:3      | Reached skill level 4 in Fighting
  1763 | D:3      | 1763 ||| FLEEEEING.
  1764 | D:3      | 1764 ||| FLEEEEING.
  1765 | D:3      | 1765 ||| FLEEEEING.
  1766 | D:3      | 1766 ||| FLEEEEING.
  1767 | D:3      | 1767 ||| FLEEEEING.
  1771 | D:3      | 1771 ||| FLEEEEING.
  1772 | D:3      | 1772 ||| FLEEEEING.
  1773 | D:3      | 1773 ||| FLEEEEING.
  1964 | D:3      | Reached XP level 6. HP: 52/52 MP: 0/6
  1984 | D:3      | Noticed Pargi
  1987 | D:3      | Killed Pargi
  1988 | D:3      | Reached skill level 6 in Ranged Weapons
  2068 | D:3      | You fall into a shaft and drop 3 floors!
  2217 | D:6      | 2217 ||| DROPPING ring of magical power.
  2218 | D:6      | 2218 ||| READING 2 scrolls labelled TEPHI LIUGG.
  2219 | D:6      | 2219 ||| READING scroll of enchant weapon.
  2219 | D:6      | 2219 ||| ENCHANTING +4 arbalest of freezing.
  2220 | D:6      | 2220 ||| READING 5 scrolls labelled LUQAM SAPO.
  2221 | D:6      | 2221 ||| DRINKING 2 clear potions.
  2222 | D:6      | 2222 ||| READING 4 scrolls of identify.
  2222 | D:6      | 2222 ||| IDENTIFYING glowing blue potion
  2223 | D:6      | 2223 ||| READING 3 scrolls of identify.
  2223 | D:6      | 2223 ||| IDENTIFYING bubbling white potion
  2224 | D:6      | 2224 ||| READING 2 scrolls of identify.
  2224 | D:6      | 2224 ||| IDENTIFYING metallic clear potion
  2230 | D:5      | Entered Level 5 of the Dungeon
  2230 | D:5      | Noticed Pikel
  2231 | D:5      | 2231 ||| PLANNING OSSUARY
  2233 | D:5      | Noticed Ijyb
  2239 | D:5      | Killed Pikel
  2240 | D:5      | Reached XP level 7. HP: 27/59 MP: 0/7
  2241 | D:5      | HP: 11/59 [disintegration (17)]
  2245 | D:5      | HP: 3/59 [disintegration (5)]
  2246 | D:5      | Killed Ijyb
  2539 | D:5      | Reached skill level 5 in Fighting
  2551 | D:5      | Found a sand-covered staircase.
  2552 | D:5      | 2552 ||| UPGRADING to ring of positive energy.
  2558 | D:5      | Reached XP level 8. HP: 68/68 MP: 0/8
  2562 | Ossuary  | Entered an ossuary
  2583 | Ossuary  | Reached skill level 3 in Dodging
  2590 | Ossuary  | Reached skill level 9 in Ranged Weapons
  2671 | D:5      | 2671 ||| PLANNING D:1-11
  2794 | D:4      | Found a staircase to the Ecumenical Temple.
  2795 | D:4      | 2795 ||| PLANNING TEMPLE
  2799 | D:4      | Reached skill level 6 in Fighting
  2800 | D:4      | 2800 ||| READING scroll labelled ZAPAATT MIRYKH.
  2807 | Temple   | Entered the Ecumenical Temple
  2880 | Temple   | 2880 ||| PLANNING OKAWARU WORSHIP
  2978 | Temple   | Became a worshipper of Warmaster Okawaru
  2979 | Temple   | 2979 ||| PLANNING D:1-11
  3019 | D:4      | Noticed Edmund
  3024 | D:4      | Killed Edmund
  3161 | D:3      | 3161 ||| READING scroll of enchant armour.
  3161 | D:3      | 3161 ||| ENCHANTING +0 pair of gloves.
  3207 | D:3      | 3207 ||| READING 2 scrolls of identify.
  3207 | D:3      | 3207 ||| IDENTIFYING ruby potion
  3208 | D:3      | 3208 ||| DROPPING potion of invisibility.
  3249 | D:4      | Found a blossoming altar of Fedhas.
  3301 | D:4      | Found a runed translucent door.
  3302 | D:4      | Noticed Crazy Yiuf
  3518 | D:4      | Found a glowing golden altar of the Shining One.
  3709 | D:5      | Noticed Blork the orc
  3713 | D:5      | Killed Blork the orc
  3806 | D:5      | Reached skill level 3 in Armour
  3809 | D:5      | Noticed Sigmund
  3811 | D:5      | Killed Sigmund
  3885 | D:5      | 3885 ||| READING scroll of enchant armour.
  3885 | D:5      | 3885 ||| ENCHANTING +1 pair of gloves.
  4119 | D:5      | Found a runed translucent gate.
  4119 | D:5      | Noticed qw's ghost (amateur GrHs)
  4120 | D:5      | Found a runed translucent gate.
  4121 | D:5      | Found a runed translucent gate.
  4121 | D:5      | Identified the +1 leather armour of Spite {Will+ Str+4}
  4202 | D:5      | Reached * piety under Okawaru
  4237 | D:5      | Found a radiant altar of Vehumet.
  4279 | D:5      | 4279 ||| DROPPING amulet of guardian spirit.
  4280 | D:5      | 4280 ||| READING scroll labelled NUYSTITYKK.
  4361 | D:6      | Reached skill level 7 in Fighting
  4361 | D:6      | Reached skill level 1 in Invocations
  4361 | D:6      | Reached XP level 9. HP: 66/79 MP: 0/9
  4786 | D:6      | 4786 ||| Stepping ~*~*~tactically~*~*~ (outnumbered).
  5037 | D:6      | 5037 ||| DRINKING 2 smoky inky potions.
  5038 | D:6      | 5038 ||| DROPPING potion of attraction.
  5099 | D:7      | Found a stormy altar of Qazlal.
  5151 | D:7      | Reached skill level 3 in Invocations
  5155 | D:7      | 5155 ||| FLEEEEING.
  5156 | D:7      | 5156 ||| FLEEEEING.
  5157 | D:7      | 5157 ||| FLEEEEING.
  5158 | D:7      | 5158 ||| FLEEEEING.
  5159 | D:7      | 5159 ||| FLEEEEING.
  5161 | D:7      | 5161 ||| FLEEEEING.
  5162 | D:7      | 5162 ||| FLEEEEING.
  5164 | D:7      | 5164 ||| FLEEEEING.
  5165 | D:7      | 5165 ||| FLEEEEING.
  5166 | D:7      | 5166 ||| STAIRDANCE
  5224 | D:6      | 5224 ||| READING scroll labelled VARAB DOOMY.
  5225 | D:6      | 5225 ||| READING 2 scrolls of identify.
  5225 | D:6      | 5225 ||| IDENTIFYING bubbling amethyst potion
  5228 | D:7      | 5228 ||| STAIRDANCE
  5232 | D:6      | Reached ** piety under Okawaru
  5342 | D:7      | Noticed a gargoyle
  5344 | D:7      | Killed a gargoyle
  5345 | D:7      | Reached skill level 6 in Dodging
  5370 | D:7      | 5370 ||| INVOKING Heroism.
  5396 | D:7      | Found Ruexza Neuji's Assorted Antiques.
  5402 | D:7      | 5402 ||| BUYING glowing longbow (275 gold).
  5402 | D:7      | Bought a glowing longbow for 275 gold pieces
  5402 | D:7      | 5402 ||| BUYING potion of heal wounds (145 gold).
  5402 | D:7      | Bought a potion of heal wounds for 145 gold pieces
  5402 | D:7      | 5402 ||| BUYING potion of heal wounds (145 gold).
  5402 | D:7      | Bought a potion of heal wounds for 145 gold pieces
  5402 | D:7      | 5402 ||| BUYING potion of magic (232 gold).
  5402 | D:7      | Bought a potion of magic for 232 gold pieces
  5402 | D:7      | 5402 ||| BUYING scroll of identify (58 gold).
  5402 | D:7      | Bought a scroll of identify for 58 gold pieces
  5402 | D:7      | 5402 ||| BUYING scroll of teleportation (87 gold).
  5402 | D:7      | Bought a scroll of teleportation for 87 gold pieces
  5402 | D:7      | 5402 ||| SWAPPING to +0 longbow of draining.
  5403 | D:7      | 5403 ||| DROPPING +5 arbalest of freezing.
  5413 | D:7      | 5413 ||| FLEEEEING.
  5414 | D:7      | 5414 ||| FLEEEEING.
  5415 | D:7      | 5415 ||| FLEEEEING.
  5416 | D:7      | 5416 ||| FLEEEEING.
  5417 | D:7      | 5417 ||| FLEEEEING.
  5418 | D:7      | 5418 ||| FLEEEEING.
  5419 | D:7      | 5419 ||| FLEEEEING.
  5420 | D:7      | 5420 ||| FLEEEEING.
  5421 | D:7      | 5421 ||| FLEEEEING.
  5422 | D:7      | 5422 ||| FLEEEEING.
  5423 | D:7      | 5423 ||| FLEEEEING.
  5424 | D:7      | 5424 ||| FLEEEEING.
  5425 | D:7      | 5425 ||| FLEEEEING.
  5426 | D:7      | 5426 ||| FLEEEEING.
  5427 | D:7      | 5427 ||| FLEEEEING.
  5431 | D:7      | 5431 ||| FLEEEEING.
  5432 | D:7      | 5432 ||| STAIRDANCE
  5489 | D:6      | 5489 ||| READING 2 scrolls of identify.
  5489 | D:6      | 5489 ||| IDENTIFYING dark potion
  5490 | D:6      | 5490 ||| DROPPING potion of degeneration.
  5555 | D:7      | Found a runed translucent gate.
  5556 | D:7      | Found a runed translucent gate.
  5557 | D:7      | Found a runed translucent gate.
  5559 | D:7      | Noticed qw's ghost (amateur MiHs)
  5576 | D:7      | Noticed Maggie
  5585 | D:7      | Killed Maggie
  5586 | D:7      | Reached skill level 12 in Ranged Weapons
  5586 | D:7      | Reached XP level 10. HP: 73/86 MP: 3/12
  5816 | D:7      | Found a sparkling altar of Nemelex Xobeh.
  5890 | D:7      | 5890 ||| UPGRADING to +0 steam dragon scales.
  5900 | D:7      | 5900 ||| DROPPING +0 ring mail.
  5901 | D:7      | 5901 ||| READING scroll of enchant armour.
  5901 | D:7      | 5901 ||| ENCHANTING +0 steam dragon scales.
  6016 | D:8      | 6016 ||| Stepping ~*~*~tactically~*~*~ (outnumbered).
  6018 | D:8      | Reached *** piety under Okawaru
  6019 | D:8      | 6019 ||| Stepping ~*~*~tactically~*~*~ (outnumbered).
  6021 | D:8      | 6021 ||| Stepping ~*~*~tactically~*~*~ (outnumbered).
  6093 | D:8      | 6093 ||| INVOKING Heroism.
  6099 | D:8      | Reached skill level 8 in Fighting
  6500 | D:8      | 6500 ||| INVOKING Heroism.
  6631 | D:8      | Found a staircase to the Lair.
  6676 | D:8      | Noticed Amaemon
  6676 | D:8      | Noticed an orange demon
  6677 | D:8      | 6677 ||| Stepping ~*~*~tactically~*~*~ (outnumbered).
  6679 | D:8      | 6679 ||| Stepping ~*~*~tactically~*~*~ (outnumbered).
  6681 | D:8      | 6681 ||| Stepping ~*~*~tactically~*~*~ (outnumbered).
  6682 | D:8      | 6682 ||| INVOKING Heroism.
  6690 | D:8      | Killed Amaemon
  6694 | D:8      | Killed an orange demon
  7067 | D:8      | 7067 ||| PLANNING LAIR
  7126 | Lair:1   | Entered Level 1 of the Lair of Beasts
  7129 | Lair:1   | Noticed a cane toad
  7130 | Lair:1   | 7130 ||| Stepping ~*~*~tactically~*~*~ (water).
  7131 | Lair:1   | 7131 ||| INVOKING Heroism.
  7137 | Lair:1   | Killed a cane toad
  7272 | Lair:1   | Reached skill level 9 in Fighting
  7276 | Lair:1   | 7276 ||| INVOKING Heroism.
  7369 | Lair:1   | Noticed a cane toad
  7370 | Lair:1   | 7370 ||| INVOKING Heroism.
  7375 | Lair:1   | Killed a cane toad
  7406 | Lair:1   | Noticed a cane toad
  7407 | Lair:1   | 7407 ||| INVOKING Heroism.
  7420 | Lair:1   | Killed a cane toad
  7420 | Lair:1   | Reached **** piety under Okawaru
  7421 | Lair:1   | Reached XP level 11. HP: 90/97 MP: 1/13
  7476 | Lair:1   | 7476 ||| INVOKING Heroism.
  7586 | Lair:1   | 7586 ||| INVOKING Heroism.
  7691 | Lair:1   | 7691 ||| INVOKING Heroism.
  7695 | Lair:1   | Reached skill level 6 in Invocations
  7724 | Lair:1   | 7724 ||| INVOKING Heroism.
  7952 | Lair:1   | Reached skill level 10 in Fighting
  8490 | Lair:2   | 8490 ||| INVOKING Heroism.
  8562 | Lair:2   | 8562 ||| INVOKING Heroism.
  8591 | Lair:2   | Found a hole to the Spider Nest.
  8650 | Lair:2   | Noticed a lindwurm
  8651 | Lair:2   | 8651 ||| INVOKING Heroism.
  8653 | Lair:2   | 8653 ||| Stepping ~*~*~tactically~*~*~ (outnumbered).
  8665 | Lair:2   | Killed a lindwurm
  8674 | Lair:2   | 8674 ||| FLEEEEING.
  8675 | Lair:2   | 8675 ||| FLEEEEING.
  8676 | Lair:2   | 8676 ||| FLEEEEING.
  8677 | Lair:2   | 8677 ||| FLEEEEING.
  8700 | Lair:2   | 8700 ||| INVOKING Heroism.
  8840 | Lair:2   | Noticed a five-headed hydra
  8841 | Lair:2   | 8841 ||| INVOKING Heroism.
  8850 | Lair:2   | Killed a five-headed hydra
  8940 | Lair:2   | 8940 ||| INVOKING Heroism.
  9248 | Lair:2   | Reached skill level 15 in Ranged Weapons
  9248 | Lair:2   | Reached XP level 12. HP: 106/106 MP: 8/17
  9478 | Lair:2   | 9478 ||| UPGRADING to +4 ring of protection.
  9479 | Lair:2   | 9479 ||| READING 3 scrolls of identify.
  9479 | Lair:2   | 9479 ||| IDENTIFYING viscous black potion
  9480 | Lair:2   | 9480 ||| READING 2 scrolls of identify.
  9480 | Lair:2   | 9480 ||| IDENTIFYING emerald potion
  9481 | Lair:2   | 9481 ||| DROPPING potion of brilliance.
  9538 | Lair:3   | 9538 ||| INVOKING Heroism.
  9590 | Lair:3   | 9590 ||| INVOKING Heroism.
  9632 | Lair:3   | 9632 ||| INVOKING Heroism.
  9637 | Lair:3   | Reached skill level 9 in Invocations
  9670 | Lair:3   | Noticed a six-headed hydra
  9671 | Lair:3   | 9671 ||| INVOKING Heroism.
  9676 | Lair:3   | Reached skill level 9 in Dodging
  9680 | Lair:3   | Killed a six-headed hydra
  9689 | Lair:3   | Reached ***** piety under Okawaru
  9757 | Lair:3   | Found a staircase to the Shoals.
  9813 | Lair:3   | 9813 ||| INVOKING Heroism.
  9860 | Lair:3   | 9860 ||| INVOKING Heroism.
 10079 | Lair:3   | 10079 ||| INVOKING Heroism.
 10521 | Lair:4   | Found a runed translucent gate.
 10689 | Lair:4   | Found a radiant altar of Vehumet.
 10815 | Lair:4   | Found a runed translucent gate.
 10815 | Lair:4   | Noticed qw's ghost (journeyman GrHu)
 10816 | Lair:4   | Found a runed translucent gate.
 10816 | Lair:4   | Noticed a 13-headed hydra
 10837 | Lair:4   | Reached skill level 11 in Fighting
 10860 | Lair:4   | Noticed a five-headed hydra
 10861 | Lair:4   | 10861 ||| INVOKING Heroism.
 10868 | Lair:4   | Killed a five-headed hydra
 11043 | Lair:4   | 11043 ||| INVOKING Heroism.
 11046 | Lair:4   | Received a gift from Okawaru
 11270 | Lair:5   | Entered Level 5 of the Lair of Beasts
 11286 | Lair:5   | 11286 ||| STAIRDANCE
 11288 | Lair:4   | 11288 ||| INVOKING Heroism.
 11301 | Lair:4   | Reached XP level 13. HP: 50/116 MP: 8/19
 11484 | Lair:5   | 11484 ||| STAIRDANCE
 11540 | Lair:5   | 11540 ||| STAIRDANCE
 11654 | Lair:5   | 11654 ||| STAIRDANCE
 11696 | Lair:5   | 11696 ||| STAIRDANCE
 11818 | Lair:5   | 11818 ||| INVOKING Heroism.
 11905 | Lair:5   | Identified the +7 longbow of Doom {elec, Will+ Int+2 Dex+3
                  | Stlth+} (Okawaru gifted it to you on level 5 of the Lair of
                  | Beasts)
 11905 | Lair:5   | Received a gift from Okawaru
 11918 | Lair:5   | 11918 ||| SWAPPING to +7 longbow of Doom {elec, Will+ Int+2
                  | Dex+3 Stlth+}.
 11919 | Lair:5   | 11919 ||| DROPPING +0 longbow of draining.
 11956 | Lair:5   | 11956 ||| INVOKING Heroism.
 11958 | Lair:5   | 11958 ||| Stepping ~*~*~tactically~*~*~ (outnumbered).
 12070 | Lair:5   | 12070 ||| INVOKING Heroism.
 12071 | Lair:5   | 12071 ||| Stepping ~*~*~tactically~*~*~ (outnumbered).
 12076 | Lair:5   | 12076 ||| INVOKING Finesse.
 12132 | Lair:5   | 12132 ||| INVOKING Heroism.
 12172 | Lair:5   | 12172 ||| INVOKING Heroism.
 12176 | Lair:5   | 12176 ||| Stepping ~*~*~tactically~*~*~ (cloud).
 12284 | Lair:5   | Identified the +8 flail of Death {freeze, +Blink}
 12354 | Lair:5   | Received a gift from Okawaru
 12359 | Lair:5   | Reached skill level 18 in Ranged Weapons
 12483 | Lair:5   | 12483 ||| INVOKING Heroism.
 12564 | Lair:5   | 12564 ||| INVOKING Heroism.
 12573 | Lair:5   | Reached skill level 12 in Fighting
 12588 | Lair:5   | Identified the +1 flail of Qaqiag {holy, rC+++}
 12589 | Lair:5   | Found a staircase to the Slime Pits.
 12668 | Lair:5   | Found a viscous altar of Jiyva.
 12727 | Lair:5   | 12727 ||| INVOKING Heroism.
 12733 | Lair:5   | Reached skill level 6 in Armour
 12762 | Lair:5   | 12762 ||| UPGRADING to +0 cloak of preservation.
 12781 | Lair:5   | 12781 ||| Stepping ~*~*~tactically~*~*~ (water).
 12784 | Lair:5   | Noticed a fire dragon
 12788 | Lair:5   | 12788 ||| FLEEEEING.
 12791 | Lair:5   | 12791 ||| INVOKING Heroism.
 12795 | Lair:5   | HP: 29/118 [poison (poison gas)]
 12796 | Lair:5   | 12796 ||| READING 4 scrolls of teleportation.
 12797 | Lair:5   | 12797 ||| DRINKING 6 potions of heal wounds.
 12799 | Lair:5   | Killed a fire dragon
 12804 | Lair:5   | HP: 29/118 [poison (poison gas)]
 13103 | Lair:5   | 13103 ||| INVOKING Heroism.
 13304 | Lair:5   | 13304 ||| Stepping ~*~*~tactically~*~*~ (water).
 13333 | Lair:5   | 13333 ||| Stepping ~*~*~tactically~*~*~ (water).
 13351 | Lair:5   | 13351 ||| DRINKING 2 potions of resistance.
 13352 | Lair:5   | 13352 ||| Stepping ~*~*~tactically~*~*~ (water).
 13357 | Lair:5   | 13357 ||| Stepping ~*~*~tactically~*~*~ (water).
 13359 | Lair:5   | 13359 ||| Stepping ~*~*~tactically~*~*~ (water).
 13361 | Lair:5   | 13361 ||| Stepping ~*~*~tactically~*~*~ (water).
 13363 | Lair:5   | 13363 ||| Stepping ~*~*~tactically~*~*~ (water).
 13365 | Lair:5   | 13365 ||| Stepping ~*~*~tactically~*~*~ (water).
 13367 | Lair:5   | 13367 ||| Stepping ~*~*~tactically~*~*~ (water).
 13369 | Lair:5   | 13369 ||| Stepping ~*~*~tactically~*~*~ (water).
 13371 | Lair:5   | 13371 ||| Stepping ~*~*~tactically~*~*~ (water).
 13373 | Lair:5   | 13373 ||| Stepping ~*~*~tactically~*~*~ (water).
 13375 | Lair:5   | 13375 ||| Stepping ~*~*~tactically~*~*~ (water).
 13412 | Lair:5   | 13412 ||| PLANNING D:1-11
 13412 | Lair:5   | 13412 ||| READING 3 scrolls labelled QERYCWOLIZUE.
 13413 | Lair:5   | 13413 ||| READING 5 scrolls of identify.
 13413 | Lair:5   | 13413 ||| IDENTIFYING bubbling pink potion
 13414 | Lair:5   | 13414 ||| DROPPING potion of ambrosia.
 13415 | Lair:5   | 13415 ||| DROPPING 2 scrolls of revelation.
 13705 | D:9      | Found a hazy altar of Hepliaklqana.
 13843 | D:9      | 13843 ||| Stepping ~*~*~tactically~*~*~ (outnumbered).
 13845 | D:9      | 13845 ||| Stepping ~*~*~tactically~*~*~ (outnumbered).
 13847 | D:9      | 13847 ||| Stepping ~*~*~tactically~*~*~ (outnumbered).
 13849 | D:9      | 13849 ||| INVOKING Heroism.
 13897 | D:9      | Found a hide-covered altar of Uskayaw.
 13898 | D:9      | Found a snail-covered altar of Cheibriados.
 13924 | D:9      | Found a staircase to the Orcish Mines.
 13964 | D:9      | Reached XP level 14. HP: 126/126 MP: 11/20
 13964 | D:9      | 13964 ||| Stepping ~*~*~tactically~*~*~ (outnumbered).
 13983 | D:9      | Found a shimmering blue altar of Sif Muna.
 13986 | D:9      | Found an ornate altar of the Wu Jian Council.
 14057 | D:9      | 14057 ||| Stepping ~*~*~tactically~*~*~ (outnumbered).
 14059 | D:9      | 14059 ||| Stepping ~*~*~tactically~*~*~ (outnumbered).
 14061 | D:9      | 14061 ||| Stepping ~*~*~tactically~*~*~ (outnumbered).
 14286 | D:10     | Entered Level 10 of the Dungeon
 14330 | D:10     | Found a flagged portal.
 14377 | D:10     | 14377 ||| FLEEEEING.
 14378 | D:10     | 14378 ||| FLEEEEING.
 14498 | D:10     | Received a gift from Okawaru
 14949 | D:10     | 14949 ||| UPGRADING to +6 ring of strength.
 14951 | D:10     | 14951 ||| UPGRADING to +4 ring of slaying {mikee}.
 14953 | D:10     | 14953 ||| DROPPING ring of positive energy.
 14954 | D:10     | 14954 ||| DROPPING +6 ring of strength.
 15091 | D:11     | Noticed Maurice
 15100 | D:11     | Killed Maurice
 15118 | D:11     | Found a runed translucent door.
 15118 | D:11     | Identified the +1 dagger of the Feeding Coward {freeze,
                  | Dex+3}
 15200 | D:11     | 15200 ||| READING scroll of enchant armour.
 15200 | D:11     | 15200 ||| ENCHANTING +1 steam dragon scales.
 15234 | D:11     | 15234 ||| Stepping ~*~*~tactically~*~*~ (outnumbered).
 15236 | D:11     | 15236 ||| Stepping ~*~*~tactically~*~*~ (outnumbered).
 15343 | D:11     | Found a frozen archway.
 15655 | D:11     | 15655 ||| PLANNING D
 15655 | D:11     | 15655 ||| DROPPING +1 pair of gloves.
 15656 | D:11     | 15656 ||| READING scroll labelled IFOEHY AM JOH.
 15657 | D:11     | 15657 ||| READING 6 scrolls of identify.
 15657 | D:11     | 15657 ||| IDENTIFYING brown potion
 15863 | D:12     | 15863 ||| FLEEEEING.
 15864 | D:12     | 15864 ||| FLEEEEING.
 15865 | D:12     | 15865 ||| FLEEEEING.
 15866 | D:12     | 15866 ||| FLEEEEING.
 15867 | D:12     | 15867 ||| FLEEEEING.
 15868 | D:12     | 15868 ||| FLEEEEING.
 15869 | D:12     | 15869 ||| FLEEEEING.
 15888 | D:12     | Received a gift from Okawaru
 15923 | D:12     | 15923 ||| DROPPING +0 pair of boots of stealth.
 15924 | D:12     | 15924 ||| Stepping randomly (disturbance).
 16088 | D:12     | 16088 ||| Stepping ~*~*~tactically~*~*~ (outnumbered).
 16111 | D:12     | Reached skill level 13 in Fighting
 16129 | D:12     | 16129 ||| DROPPING +6 ring of intelligence.
 16147 | D:13     | Noticed Nessos
 16147 | D:13     | Noticed Urug
 16147 | D:13     | Noticed Rupert
 16147 | D:13     | Found a gate to the Vaults.
 16148 | D:13     | 16148 ||| INVOKING Heroism.
 16149 | D:13     | 16149 ||| INVOKING Finesse.
 16160 | D:13     | Killed Urug
 16167 | D:13     | Killed Rupert
 16182 | D:13     | 16182 ||| STAIRDANCE
 16189 | D:12     | Reached skill level 12 in Dodging
 16190 | D:12     | Killed Nessos
 16465 | D:13     | Identified the +5 sling of Ysepsoxt {elec, rElec rCorr}
 16523 | D:13     | 16523 ||| INVOKING Heroism.
 16689 | D:13     | 16689 ||| INVOKING Heroism.
 16749 | D:13     | Noticed Snorg
 16750 | D:13     | 16750 ||| INVOKING Heroism.
 16751 | D:13     | 16751 ||| INVOKING Finesse.
 16758 | D:13     | Killed Snorg
 17046 | D:13     | 17046 ||| Stepping ~*~*~tactically~*~*~ (outnumbered).
 17049 | D:13     | 17049 ||| Stepping ~*~*~tactically~*~*~ (outnumbered).
 17125 | D:13     | 17125 ||| READING 5 scrolls of identify.
 17125 | D:13     | 17125 ||| IDENTIFYING smoky green potion
 17126 | D:13     | 17126 ||| DROPPING potion of lignification.
 17152 | D:14     | 17152 ||| INVOKING Heroism.
 17351 | D:14     | 17351 ||| INVOKING Heroism.
 17527 | D:15     | Entered Level 15 of the Dungeon
 17940 | D:15     | 17940 ||| INVOKING Heroism.
 17943 | D:15     | Reached skill level 14 in Fighting
 17952 | D:15     | Reached XP level 15. HP: 138/138 MP: 10/21
 18028 | D:15     | Found a portal to a secret trove of treasure.
 18077 | D:15     | 18077 ||| Stepping ~*~*~tactically~*~*~ (outnumbered).
 18109 | D:15     | 18109 ||| FLEEEEING.
 18110 | D:15     | 18110 ||| FLEEEEING.
 18119 | D:15     | 18119 ||| STAIRDANCE
 18184 | D:14     | 18184 ||| UPGRADING to ring of poison resistance.
 18186 | D:14     | 18186 ||| READING scroll labelled MEVOLETHRUZ.
 18350 | D:15     | 18350 ||| INVOKING Heroism.
 18374 | D:15     | Found a staircase to the Depths.
 18395 | D:15     | 18395 ||| PLANNING ORC
 18538 | Orc:1    | Entered Level 1 of the Orcish Mines
 18541 | Orc:1    | 18541 ||| INVOKING Heroism.
 18672 | Orc:1    | Found a bloodstained altar of Trog.
 18753 | Orc:1    | 18753 ||| INVOKING Heroism.
 18851 | Orc:1    | 18851 ||| UPGRADING to +0 troll leather armour.
 18861 | Orc:1    | 18861 ||| DROPPING +2 steam dragon scales.
 18871 | Orc:2    | Entered Level 2 of the Orcish Mines
 18918 | Orc:2    | 18918 ||| Stepping ~*~*~tactically~*~*~ (outnumbered).
 18950 | Orc:2    | 18950 ||| INVOKING Heroism.
 19061 | Orc:2    | 19061 ||| INVOKING Heroism.
 19066 | Orc:2    | 19066 ||| Stepping ~*~*~tactically~*~*~ (outnumbered).
 19082 | Orc:2    | 19082 ||| Stepping ~*~*~tactically~*~*~ (outnumbered).
 19110 | Orc:2    | 19110 ||| INVOKING Heroism.
 19151 | Orc:2    | Reached skill level 15 in Fighting
 19159 | Orc:2    | HP: 35/141 [warg (3)]
 19160 | Orc:2    | 19160 ||| READING 5 scrolls of teleportation.
 19161 | Orc:2    | 19161 ||| INVOKING Heroism.
 19163 | Orc:2    | 19163 ||| DRINKING 6 potions of heal wounds.
 19325 | Orc:2    | 19325 ||| INVOKING Heroism.
 19381 | Orc:2    | 19381 ||| Stepping ~*~*~tactically~*~*~ (outnumbered).
 19384 | Orc:2    | 19384 ||| Stepping ~*~*~tactically~*~*~ (outnumbered).
 19385 | Orc:2    | 19385 ||| Stepping ~*~*~tactically~*~*~ (outnumbered).
 19386 | Orc:2    | 19386 ||| Stepping ~*~*~tactically~*~*~ (outnumbered).
 19393 | Orc:2    | 19393 ||| FLEEEEING.
 19394 | Orc:2    | 19394 ||| FLEEEEING.
 19395 | Orc:2    | 19395 ||| FLEEEEING.
 19396 | Orc:2    | 19396 ||| FLEEEEING.
 19397 | Orc:2    | 19397 ||| FLEEEEING.
 19398 | Orc:2    | 19398 ||| FLEEEEING.
 19453 | Orc:2    | Found Nugaup's Weapon Emporium.
 19453 | Orc:2    | Found Vegynapo's Book Shop.
 19514 | Orc:2    | Found Uttiywe's Antique Armour Emporium.
 19514 | Orc:2    | Found Isosestroyse's General Store.
 19658 | Orc:2    | Found a staircase to the Elven Halls.
 19815 | Orc:2    | 19815 ||| PLANNING SHOALS:1-3
 20020 | Shoals:1 | Entered Level 1 of the Shoals
 20092 | Shoals:1 | 20092 ||| INVOKING Heroism.
 20224 | Shoals:1 | 20224 ||| INVOKING Heroism.
 20262 | Shoals:1 | 20262 ||| INVOKING Heroism.
 20582 | Shoals:1 | 20582 ||| DROPPING scarf of invisibility.
 20583 | Shoals:1 | 20583 ||| UPGRADING to amulet of regeneration.
 20652 | Shoals:2 | 20652 ||| INVOKING Heroism.
 20769 | Shoals:2 | Reached skill level 16 in Fighting
 20882 | Shoals:2 | 20882 ||| FLEEEEING.
 20883 | Shoals:2 | 20883 ||| FLEEEEING.
 20884 | Shoals:2 | 20884 ||| INVOKING Heroism.
 20885 | Shoals:2 | 20885 ||| INVOKING Finesse.
 20954 | Shoals:2 | 20954 ||| INVOKING Heroism.
 20955 | Shoals:2 | 20955 ||| INVOKING Finesse.
 21043 | Shoals:2 | 21043 ||| Stepping ~*~*~tactically~*~*~ (water).
 21055 | Shoals:2 | 21055 ||| Stepping ~*~*~tactically~*~*~ (water).
 21254 | Shoals:2 | Found Qefeci's Distillery.
 21257 | Shoals:2 | 21257 ||| BUYING potion of curing (51 gold).
 21257 | Shoals:2 | Bought a potion of curing for 51 gold pieces
 21257 | Shoals:2 | 21257 ||| BUYING potion of magic (136 gold).
 21257 | Shoals:2 | Bought a potion of magic for 136 gold pieces
 21257 | Shoals:2 | 21257 ||| BUYING potion of might (68 gold).
 21257 | Shoals:2 | Bought a potion of might for 68 gold pieces
 21283 | Shoals:2 | Reached skill level 15 in Dodging
 21424 | Shoals:3 | 21424 ||| INVOKING Heroism.
 21425 | Shoals:3 | 21425 ||| INVOKING Finesse.
 21541 | Shoals:3 | 21541 ||| Stepping ~*~*~tactically~*~*~ (water).
 21601 | Shoals:3 | Reached skill level 9 in Armour
 21601 | Shoals:3 | Reached XP level 16. HP: 151/151 MP: 13/22
 21604 | Shoals:3 | 21604 ||| Stepping ~*~*~tactically~*~*~ (water).
 21719 | Shoals:3 | 21719 ||| Stepping ~*~*~tactically~*~*~ (water).
 21852 | Shoals:3 | 21852 ||| Stepping ~*~*~tactically~*~*~ (water).
 21854 | Shoals:3 | 21854 ||| Stepping ~*~*~tactically~*~*~ (water).
 21877 | Shoals:3 | 21877 ||| FLEEEEING.
 21878 | Shoals:3 | 21878 ||| FLEEEEING.
 21879 | Shoals:3 | 21879 ||| FLEEEEING.
 21880 | Shoals:3 | 21880 ||| FLEEEEING.
 21955 | Shoals:3 | 21955 ||| PLANNING SPIDER:1-3
 21955 | Shoals:3 | 21955 ||| DROPPING +4 ring of slaying {mikee}.
 21956 | Shoals:3 | 21956 ||| UPGRADING to +5 ring of evasion.
 21958 | Shoals:3 | 21958 ||| UPGRADING to +2 leather armour of poison
                  | resistance.
 22062 | Spider:1 | Entered Level 1 of the Spider Nest
 22074 | Spider:1 | Noticed qw's ghost (journeyman MiHs)
 22078 | Spider:1 | Received a gift from Okawaru
 22081 | Spider:1 | Found a transporter.
 22105 | Spider:1 | Reached skill level 17 in Fighting
 22143 | Spider:1 | 22143 ||| Stepping ~*~*~tactically~*~*~ (outnumbered).
 22145 | Spider:1 | 22145 ||| Stepping ~*~*~tactically~*~*~ (outnumbered).
 22147 | Spider:1 | 22147 ||| Stepping ~*~*~tactically~*~*~ (outnumbered).
 22149 | Spider:1 | 22149 ||| Stepping ~*~*~tactically~*~*~ (outnumbered).
 22151 | Spider:1 | 22151 ||| Stepping ~*~*~tactically~*~*~ (outnumbered).
 22153 | Spider:1 | 22153 ||| Stepping ~*~*~tactically~*~*~ (outnumbered).
 22155 | Spider:1 | 22155 ||| Stepping ~*~*~tactically~*~*~ (outnumbered).
 22156 | Spider:1 | 22156 ||| INVOKING Heroism.
 22171 | Spider:1 | 22171 ||| INVOKING Finesse.
 22240 | Spider:1 | 22240 ||| Stepping ~*~*~tactically~*~*~ (water).
 22243 | Spider:1 | 22243 ||| Stepping ~*~*~tactically~*~*~ (water).
 22245 | Spider:1 | 22245 ||| Stepping ~*~*~tactically~*~*~ (water).
 22247 | Spider:1 | 22247 ||| Stepping ~*~*~tactically~*~*~ (water).
 22252 | Spider:1 | 22252 ||| Stepping ~*~*~tactically~*~*~ (water).
 22258 | Spider:1 | 22258 ||| INVOKING Heroism.
 22276 | Spider:1 | 22276 ||| Stepping ~*~*~tactically~*~*~ (water).
 22278 | Spider:1 | 22278 ||| Stepping ~*~*~tactically~*~*~ (water).
 22331 | Spider:1 | 22331 ||| INVOKING Heroism.
 22471 | Spider:1 | Found a transporter.
 22725 | Spider:2 | Received a gift from Okawaru
 22922 | Spider:2 | 22922 ||| DRINKING 13 potions of curing.
 22922 | Spider:2 | 22922 ||| (to cure confusion)
 22926 | Spider:2 | 22926 ||| DRINKING 12 potions of curing.
 22926 | Spider:2 | 22926 ||| (to cure confusion)
 23002 | Spider:2 | Identified the +1 robe of Viejubol {Str+3}
 23030 | Spider:2 | 23030 ||| Stepping ~*~*~tactically~*~*~ (outnumbered).
 23038 | Spider:2 | 23038 ||| INVOKING Heroism.
 23338 | Spider:2 | Reached skill level 18 in Fighting
 23626 | Spider:2 | 23626 ||| DROPPING +1 pair of boots of rampaging.
 23627 | Spider:2 | 23627 ||| DROPPING +1 ring mail of positive energy.
 23628 | Spider:2 | 23628 ||| DROPPING +1 robe of Viejubol {Str+3}.
 23629 | Spider:2 | 23629 ||| DROPPING ring of ice.
 23630 | Spider:2 | 23630 ||| DROPPING ring of protection from cold.
 23676 | Spider:3 | Noticed Aizul
 23677 | Spider:3 | 23677 ||| INVOKING Heroism.
 23678 | Spider:3 | 23678 ||| INVOKING Finesse.
 23697 | Spider:3 | Killed Aizul
 23779 | Spider:3 | Noticed Arachne
 23780 | Spider:3 | 23780 ||| INVOKING Heroism.
 23781 | Spider:3 | 23781 ||| INVOKING Finesse.
 23791 | Spider:3 | Killed Arachne
 24048 | Spider:3 | 24048 ||| INVOKING Finesse.
 24143 | Spider:3 | 24143 ||| INVOKING Heroism.
 24156 | Spider:3 | 24156 ||| INVOKING Finesse.
 24157 | Spider:3 | 24157 ||| Stepping ~*~*~tactically~*~*~ (outnumbered).
 24259 | Spider:3 | 24259 ||| Stepping ~*~*~tactically~*~*~ (outnumbered).
 24261 | Spider:3 | 24261 ||| Stepping ~*~*~tactically~*~*~ (outnumbered).
 24263 | Spider:3 | 24263 ||| Stepping ~*~*~tactically~*~*~ (outnumbered).
 24274 | Spider:3 | 24274 ||| INVOKING Heroism.
 24298 | Spider:3 | Noticed Donald
 24301 | Spider:3 | 24301 ||| INVOKING Finesse.
 24334 | Spider:3 | Killed Donald
 24341 | Spider:3 | Reached XP level 17. HP: 86/166 MP: 10/23
 24342 | Spider:3 | Reached skill level 19 in Fighting
 24458 | Spider:3 | Noticed Asterion
 24459 | Spider:3 | 24459 ||| INVOKING Heroism.
 24460 | Spider:3 | 24460 ||| INVOKING Finesse.
 24466 | Spider:3 | 24466 ||| Stepping ~*~*~tactically~*~*~ (outnumbered).
 24474 | Spider:3 | Killed Asterion
 24625 | Spider:3 | 24625 ||| INVOKING Finesse.
 24761 | Spider:3 | 24761 ||| FLEEEEING.
 24762 | Spider:3 | 24762 ||| FLEEEEING.
 24763 | Spider:3 | 24763 ||| FLEEEEING.
 24764 | Spider:3 | 24764 ||| FLEEEEING.
 24986 | Spider:3 | 24986 ||| PLANNING SHOALS:4
 24986 | Spider:3 | 24986 ||| UPGRADING to scarf of resistance.
 24996 | Spider:3 | 24996 ||| DROPPING amulet of the acrobat.
 24997 | Spider:3 | 24997 ||| READING 10 scrolls of identify.
 24997 | Spider:3 | 24997 ||| IDENTIFYING fuming sapphire potion
 24998 | Spider:3 | 24998 ||| DROPPING potion of berserk rage.
 25180 | Shoals:4 | Entered Level 4 of the Shoals
 25186 | Shoals:4 | Found Gavu's CLEARANCE SALE!.
 25187 | Shoals:4 | 25187 ||| Stepping ~*~*~tactically~*~*~ (water).
 25210 | Shoals:4 | 25210 ||| BUYING potion of heal wounds (35 gold).
 25210 | Shoals:4 | Bought a potion of heal wounds for 35 gold pieces
 25223 | Shoals:4 | 25223 ||| INVOKING Heroism.
 25229 | Shoals:4 | Reached skill level 18 in Dodging
 25244 | Shoals:4 | 25244 ||| INVOKING Finesse.
 25312 | Shoals:4 | 25312 ||| INVOKING Heroism.
 25398 | Shoals:4 | 25398 ||| INVOKING Heroism.
 25422 | Shoals:4 | 25422 ||| Stepping ~*~*~tactically~*~*~ (water).
 25454 | Shoals:4 | 25454 ||| INVOKING Heroism.
 25456 | Shoals:4 | Identified the +3 leather armour of Nuty {Rampage Str+2}
 25481 | Shoals:4 | Found the +3 giant club "Skullcrusher" {speed, Str+7}
 25517 | Shoals:4 | Noticed Bai Suzhen
 25518 | Shoals:4 | 25518 ||| Stepping ~*~*~tactically~*~*~ (water).
 25519 | Shoals:4 | 25519 ||| INVOKING Heroism.
 25533 | Shoals:4 | Killed Bai Suzhen
 25556 | Shoals:4 | Reached skill level 20 in Fighting
 25564 | Shoals:4 | 25564 ||| DROPPING +3 leather armour of Nuty {Rampage
                  | Str+2}.
 25566 | Shoals:4 | 25566 ||| Stepping ~*~*~tactically~*~*~ (water).
 25571 | Shoals:4 | 25571 ||| INVOKING Heroism.
 25685 | Shoals:4 | 25685 ||| Stepping ~*~*~tactically~*~*~ (water).
 25786 | Shoals:4 | Identified the +6 scimitar "Line" {elec, rF+}
 25808 | Shoals:4 | 25808 ||| INVOKING Heroism.
 25832 | Shoals:4 | Found Kolav's General Store.
 25842 | Shoals:4 | 25842 ||| BUYING scarf of repulsion (168 gold).
 25842 | Shoals:4 | Bought a scarf of repulsion for 168 gold pieces
 25842 | Shoals:4 | 25842 ||| BUYING scroll of teleportation (42 gold).
 25842 | Shoals:4 | Bought a scroll of teleportation for 42 gold pieces
 25842 | Shoals:4 | 25842 ||| BUYING scroll of teleportation (42 gold).
 25842 | Shoals:4 | Bought a scroll of teleportation for 42 gold pieces
 25842 | Shoals:4 | 25842 ||| BUYING wand of digging (2) (117 gold).
 25842 | Shoals:4 | Bought a wand of digging (2) for 117 gold pieces
 25904 | Shoals:4 | 25904 ||| Stepping ~*~*~tactically~*~*~ (water).
 25905 | Shoals:4 | 25905 ||| INVOKING Heroism.
 25909 | Shoals:4 | 25909 ||| Stepping ~*~*~tactically~*~*~ (water).
 26006 | Shoals:4 | Got a barnacled rune of Zot
 26011 | Shoals:4 | 26011 ||| PLANNING VAULTS:1-4
 26291 | Vaults:1 | Entered Level 1 of the Vaults
 26299 | Vaults:1 | 26299 ||| Stepping ~*~*~tactically~*~*~ (outnumbered).
 26301 | Vaults:1 | 26301 ||| Stepping ~*~*~tactically~*~*~ (outnumbered).
 26308 | Vaults:1 | 26308 ||| Stepping ~*~*~tactically~*~*~ (outnumbered).
 26310 | Vaults:1 | 26310 ||| INVOKING Heroism.
 26388 | Vaults:1 | You fall into a shaft and drop 1 floor!
 26389 | Vaults:2 | 26389 ||| INVOKING Finesse.
 26634 | Vaults:2 | Identified the +0 cloak "Lofaxzushru" {Dex+4}
 26643 | Vaults:2 | 26643 ||| DRINKING 2 potions of resistance.
 26650 | Vaults:2 | Identified the +0 pair of boots of the Old World {Dex+6}
                  | (Okawaru gifted it to you on level 2 of the Vaults)
 26650 | Vaults:2 | Received a gift from Okawaru
 26699 | Vaults:2 | 26699 ||| DRINKING potion of resistance.
 26700 | Vaults:2 | 26700 ||| Stepping ~*~*~tactically~*~*~ (outnumbered).
 26704 | Vaults:2 | 26704 ||| Stepping ~*~*~tactically~*~*~ (outnumbered).
 26707 | Vaults:2 | 26707 ||| Stepping ~*~*~tactically~*~*~ (outnumbered).
 26779 | Vaults:2 | 26779 ||| INVOKING Finesse.
 26927 | Vaults:2 | 26927 ||| INVOKING Heroism.
 26928 | Vaults:2 | 26928 ||| INVOKING Finesse.
 26935 | Vaults:2 | Reached skill level 21 in Fighting
 26935 | Vaults:2 | 26935 ||| Stepping ~*~*~tactically~*~*~ (outnumbered).
 26939 | Vaults:2 | 26939 ||| Stepping ~*~*~tactically~*~*~ (outnumbered).
 26957 | Vaults:2 | Reached XP level 18. HP: 182/182 MP: 8/24
 27036 | Vaults:2 | 27036 ||| DROPPING +0 cloak of preservation.
 27037 | Vaults:2 | 27037 ||| DROPPING scarf of repulsion.
 27038 | Vaults:2 | 27038 ||| UPGRADING to +0 cloak "Lofaxzushru" {Dex+4}.
 27048 | Vaults:2 | 27048 ||| UPGRADING to +0 pair of boots of the Old World
                  | {Dex+6}.
 27101 | Vaults:2 | 27101 ||| DROPPING +0 pair of boots of Submission {Rampage
                  | MP-9 Dex+4}.
 27117 | Vaults:1 | 27117 ||| INVOKING Heroism.
 27162 | Vaults:1 | Identified the +2 glaive of the Hierophant {heavy, SInv}
 27381 | Vaults:1 | Found Yraenamm's Weapon Emporium.
 27406 | Vaults:1 | 27406 ||| INVOKING Heroism.
 27648 | Vaults:1 | 27648 ||| Stepping ~*~*~tactically~*~*~ (outnumbered).
 27649 | Vaults:1 | 27649 ||| Stepping ~*~*~tactically~*~*~ (outnumbered).
 27720 | Vaults:1 | 27720 ||| INVOKING Heroism.
 27734 | Vaults:1 | 27734 ||| FLEEEEING.
 27735 | Vaults:1 | 27735 ||| FLEEEEING.
 28327 | Vaults:2 | Found Huwn's General Store.
 28331 | Vaults:2 | Found Utriqoatock's Armour Shoppe.
 28332 | Vaults:2 | 28332 ||| BUYING wand of digging (7) (529 gold).
 28332 | Vaults:2 | Bought a wand of digging (7) for 529 gold pieces
 28336 | Vaults:2 | 28336 ||| BUYING +3 leather armour of cold resistance (480
                  | gold).
 28336 | Vaults:2 | Bought a +3 leather armour of cold resistance for 480 gold
                  | pieces
 28336 | Vaults:2 | 28336 ||| BUYING +3 ring mail "Odid" {Will+} (632 gold).
 28336 | Vaults:2 | Bought the +3 ring mail "Odid" {Will+} for 632 gold pieces
 28361 | Vaults:2 | 28361 ||| FLEEEEING.
 28398 | Vaults:2 | Found a staircase to the Crypt.
 28545 | Vaults:2 | 28545 ||| Stepping ~*~*~tactically~*~*~ (outnumbered).
 28547 | Vaults:2 | 28547 ||| Stepping ~*~*~tactically~*~*~ (outnumbered).
 28555 | Vaults:2 | 28555 ||| FLEEEEING.
 28556 | Vaults:2 | 28556 ||| FLEEEEING.
 28557 | Vaults:2 | 28557 ||| FLEEEEING.
 28558 | Vaults:2 | 28558 ||| FLEEEEING.
 28580 | Vaults:2 | 28580 ||| STAIRDANCE
 28796 | Vaults:2 | Reached skill level 21 in Dodging
 28824 | Vaults:2 | 28824 ||| FLEEEEING.
 28887 | Vaults:2 | Found Keataci's Distillery.
 28899 | Vaults:2 | 28899 ||| BUYING 2 potions of might (96 gold).
 28899 | Vaults:2 | Bought 2 potions of might for 96 gold pieces
 28899 | Vaults:2 | 28899 ||| BUYING 2 potions of mutation (192 gold).
 28899 | Vaults:2 | Bought 2 potions of mutation for 192 gold pieces
 28899 | Vaults:2 | 28899 ||| BUYING potion of cancellation (96 gold).
 28899 | Vaults:2 | Bought a potion of cancellation for 96 gold pieces
 28899 | Vaults:2 | 28899 ||| BUYING potion of curing (36 gold).
 28899 | Vaults:2 | Bought a potion of curing for 36 gold pieces
 28899 | Vaults:2 | 28899 ||| BUYING potion of heal wounds (60 gold).
 28899 | Vaults:2 | Bought a potion of heal wounds for 60 gold pieces
 28899 | Vaults:2 | 28899 ||| BUYING potion of heal wounds (60 gold).
 28899 | Vaults:2 | Bought a potion of heal wounds for 60 gold pieces
 28899 | Vaults:2 | 28899 ||| BUYING potion of resistance (120 gold).
 28899 | Vaults:2 | Bought a potion of resistance for 120 gold pieces
 28948 | Vaults:3 | 28948 ||| INVOKING Heroism.
 28949 | Vaults:3 | 28949 ||| INVOKING Finesse.
 29006 | Vaults:3 | 29006 ||| INVOKING Heroism.
 29094 | Vaults:3 | 29094 ||| INVOKING Heroism.
 29125 | Vaults:3 | 29125 ||| INVOKING Heroism.
 29305 | Vaults:3 | 29305 ||| DRINKING potion of resistance.
 29465 | Vaults:3 | 29465 ||| INVOKING Heroism.
 29466 | Vaults:3 | 29466 ||| INVOKING Finesse.
 29629 | Vaults:3 | 29629 ||| INVOKING Heroism.
 29680 | Vaults:3 | Found Toepaen's Antique Armour Emporium.
 29685 | Vaults:3 | 29685 ||| BUYING dazzling leather armour (217 gold).
 29685 | Vaults:3 | Bought a dazzling leather armour for 217 gold pieces
 29685 | Vaults:3 | Identified the +5 leather armour of Supniff {Dex+3 SInv}
                  | (You bought it in a shop on level 3 of the Vaults)
 29685 | Vaults:3 | 29685 ||| SHOPLISTING runed cloak (232 gold, have 180).
 29778 | Vaults:3 | 29778 ||| INVOKING Heroism.
 29876 | Vaults:3 | 29876 ||| INVOKING Heroism.
 30138 | Vaults:3 | Reached XP level 19. HP: 190/190 MP: 25/25
 30148 | Vaults:3 | 30148 ||| INVOKING Heroism.
 30157 | Vaults:3 | Received a gift from Okawaru
 30261 | Vaults:3 | 30261 ||| Stepping ~*~*~tactically~*~*~ (outnumbered).
 30277 | Vaults:3 | Reached skill level 22 in Fighting
 30278 | Vaults:3 | 30278 ||| INVOKING Heroism.
 30335 | Vaults:3 | 30335 ||| DROPPING +3 leather armour of cold resistance.
 30336 | Vaults:3 | 30336 ||| DROPPING +3 ring mail "Odid" {Will+}.
 30337 | Vaults:3 | 30337 ||| UPGRADING to +5 leather armour of Supniff {Dex+3
                  | SInv}.
 30347 | Vaults:3 | 30347 ||| DROPPING +2 leather armour of poison resistance.
 30348 | Vaults:3 | 30348 ||| DROPPING +0 troll leather armour.
 30349 | Vaults:3 | 30349 ||| UPGRADING to ring of poison resistance.
 30645 | Vaults:4 | 30645 ||| INVOKING Heroism.
 30660 | Vaults:4 | 30660 ||| INVOKING Finesse.
 30799 | Vaults:4 | 30799 ||| INVOKING Heroism.
 30849 | Vaults:4 | 30849 ||| Stepping ~*~*~tactically~*~*~ (outnumbered).
 30860 | Vaults:4 | 30860 ||| Stepping ~*~*~tactically~*~*~ (outnumbered).
 30861 | Vaults:4 | 30861 ||| Stepping ~*~*~tactically~*~*~ (outnumbered).
 31092 | Vaults:4 | 31092 ||| INVOKING Heroism.
 31166 | Vaults:4 | Reached skill level 23 in Fighting
 31236 | Vaults:4 | Found Ushrirph's Distillery.
 31241 | Vaults:4 | 31241 ||| BUYING potion of curing (60 gold).
 31241 | Vaults:4 | Bought a potion of curing for 60 gold pieces
 31241 | Vaults:4 | 31241 ||| BUYING potion of curing (60 gold).
 31241 | Vaults:4 | Bought a potion of curing for 60 gold pieces
 31241 | Vaults:4 | 31241 ||| BUYING potion of curing (60 gold).
 31241 | Vaults:4 | Bought a potion of curing for 60 gold pieces
 31241 | Vaults:4 | 31241 ||| SHOPLISTING potion of haste (200 gold, have 0).
 31241 | Vaults:4 | 31241 ||| SHOPLISTING potion of heal wounds (100 gold, have
                  | 0).
 31241 | Vaults:4 | 31241 ||| SHOPLISTING potion of might (80 gold, have 0).
 31241 | Vaults:4 | 31241 ||| SHOPLISTING potion of mutation (160 gold, have
                  | 0).
 31295 | Vaults:4 | Received a gift from Okawaru
 31346 | Vaults:4 | 31346 ||| INVOKING Heroism.
 31347 | Vaults:4 | 31347 ||| INVOKING Finesse.
 31359 | Vaults:4 | 31359 ||| FLEEEEING.
 31360 | Vaults:4 | 31360 ||| FLEEEEING.
 31361 | Vaults:4 | 31361 ||| FLEEEEING.
 31363 | Vaults:4 | 31363 ||| FLEEEEING.
 31364 | Vaults:4 | 31364 ||| FLEEEEING.
 31365 | Vaults:4 | 31365 ||| FLEEEEING.
 31451 | Vaults:4 | 31451 ||| INVOKING Heroism.
 31477 | Vaults:4 | Noticed a golden dragon
 31485 | Vaults:4 | Killed a golden dragon
 31504 | Vaults:4 | Found Bufuu's Book Shoppe.
 31512 | Vaults:4 | Found Nezeleich's General Store.
 31522 | Vaults:4 | 31522 ||| SHOPLISTING potion of haste (130 gold, have 52).
 31522 | Vaults:4 | 31522 ||| BUYING scroll of teleportation (39 gold).
 31522 | Vaults:4 | Bought a scroll of teleportation for 39 gold pieces
 31535 | Vaults:4 | Found Uteeleul's Magic Scroll Shop.
 31535 | Vaults:4 | Found Yniax's Antique Armour Shoppe.
 31555 | Vaults:4 | 31555 ||| SHOPLISTING shimmering ring mail (234 gold, have
                  | 13).
 31928 | Vaults:4 | 31928 ||| PLANNING SPIDER:4
 32328 | Spider:4 | Entered Level 4 of the Spider Nest
 32343 | Spider:4 | 32343 ||| INVOKING Heroism.
 32413 | Spider:4 | Received a gift from Okawaru
 32434 | Spider:4 | 32434 ||| FLEEEEING.
 32435 | Spider:4 | 32435 ||| FLEEEEING.
 32438 | Spider:4 | 32438 ||| INVOKING Heroism.
 32444 | Spider:4 | 32444 ||| Stepping ~*~*~tactically~*~*~ (outnumbered).
 32485 | Spider:4 | Reached skill level 24 in Fighting
 32571 | Spider:4 | 32571 ||| FLEEEEING.
 32573 | Spider:4 | 32573 ||| FLEEEEING.
 32574 | Spider:4 | 32574 ||| FLEEEEING.
 32575 | Spider:4 | 32575 ||| FLEEEEING.
 32576 | Spider:4 | 32576 ||| FLEEEEING.
 32577 | Spider:4 | 32577 ||| FLEEEEING.
 32578 | Spider:4 | 32578 ||| FLEEEEING.
 32579 | Spider:4 | 32579 ||| FLEEEEING.
 32584 | Spider:4 | 32584 ||| FLEEEEING.
 32603 | Spider:4 | 32603 ||| DRINKING potion of resistance.
 32605 | Spider:4 | 32605 ||| INVOKING Heroism.
 32640 | Spider:4 | Reached skill level 12 in Armour
 32653 | Spider:4 | HP: 48/198 [poisoned by a redback]
 32654 | Spider:4 | 32654 ||| READING 15 scrolls of teleportation.
 32655 | Spider:4 | 32655 ||| DRINKING 10 potions of heal wounds.
 32779 | Spider:4 | 32779 ||| INVOKING Finesse.
 32790 | Spider:4 | 32790 ||| INVOKING Heroism.
 33467 | Spider:4 | 33467 ||| INVOKING Heroism.
 33500 | Spider:4 | Got a gossamer rune of Zot
 33513 | Spider:4 | 33513 ||| PLANNING DEPTHS
 33513 | Spider:4 | 33513 ||| DROPPING +1 pair of boots of rampaging.
 33514 | Spider:4 | 33514 ||| DROPPING scarf of shadows.
 33515 | Spider:4 | 33515 ||| DROPPING +2 pair of boots of flying.
 33516 | Spider:4 | 33516 ||| UPGRADING to ring of protection from fire.
 33518 | Spider:4 | 33518 ||| UPGRADING to +4 ring of protection.
 33520 | Spider:4 | 33520 ||| DROPPING ring of poison resistance.
 33859 | Depths:1 | Entered Level 1 of the Depths
 33934 | Depths:1 | 33934 ||| INVOKING Heroism.
 33943 | Depths:1 | Reached XP level 20. HP: 208/209 MP: 24/26
 33996 | Depths:1 | 33996 ||| INVOKING Heroism.
 34067 | Depths:1 | 34067 ||| INVOKING Heroism.
 34090 | Depths:1 | 34090 ||| Stepping ~*~*~tactically~*~*~ (water).
 34096 | Depths:1 | 34096 ||| UPGRADING to +6 ring of dexterity.
 34098 | Depths:1 | 34098 ||| DROPPING ring of fire.
 34099 | Depths:1 | 34099 ||| UPGRADING to +5 ring of evasion.
 34101 | Depths:1 | 34101 ||| DROPPING +4 ring of protection.
 34102 | Depths:1 | 34102 ||| Stepping ~*~*~tactically~*~*~ (water).
 34153 | Depths:1 | 34153 ||| INVOKING Heroism.
 34162 | Depths:1 | Reached skill level 25 in Fighting
 34301 | Depths:1 | Found a sparkling altar of Nemelex Xobeh.
 34474 | Depths:1 | 34474 ||| INVOKING Heroism.
 34613 | Depths:1 | Found a gateway to Hell.
 34947 | Depths:2 | 34947 ||| DROPPING +3 longbow.
 34979 | Depths:2 | Noticed a juggernaut
 34980 | Depths:2 | 34980 ||| INVOKING Heroism.
 34981 | Depths:2 | 34981 ||| INVOKING Finesse.
 34992 | Depths:2 | Killed a juggernaut
 35024 | Depths:2 | Reached skill level 26 in Fighting
 35247 | Depths:2 | 35247 ||| INVOKING Heroism.
 35249 | Depths:2 | 35249 ||| INVOKING Finesse.
 35347 | Depths:2 | 35347 ||| INVOKING Heroism.
 35396 | Depths:2 | 35396 ||| INVOKING Heroism.
 35542 | Depths:2 | Found a one-way gate leading to the halls of Pandemonium.
 35693 | Depths:2 | 35693 ||| INVOKING Heroism.
 35818 | Depths:2 | 35818 ||| UPGRADING to +6 ring of dexterity.
 35820 | Depths:2 | 35820 ||| DROPPING ring of protection from fire.
 35821 | Depths:2 | 35821 ||| DROPPING +5 ring of evasion.
 35858 | Depths:3 | 35858 ||| STAIRDANCE
 35862 | Depths:2 | 35862 ||| INVOKING Heroism.
 35923 | Depths:3 | 35923 ||| STAIRDANCE
 35947 | Depths:3 | 35947 ||| STAIRDANCE
 35969 | Depths:3 | 35969 ||| STAIRDANCE
 36000 | Depths:3 | 36000 ||| STAIRDANCE
 36045 | Depths:3 | Noticed a golden dragon
 36046 | Depths:3 | 36046 ||| INVOKING Heroism.
 36048 | Depths:3 | 36048 ||| INVOKING Finesse.
 36049 | Depths:3 | 36049 ||| Stepping ~*~*~tactically~*~*~ (cloud).
 36062 | Depths:3 | Killed a golden dragon
 36235 | Depths:4 | Entered Level 4 of the Depths
 36236 | Depths:4 | 36236 ||| INVOKING Heroism.
 36237 | Depths:4 | 36237 ||| INVOKING Finesse.
 36475 | Depths:4 | Received a gift from Okawaru
 36504 | Depths:4 | 36504 ||| INVOKING Heroism.
 36505 | Depths:4 | 36505 ||| INVOKING Finesse.
 36569 | Depths:3 | Noticed a dread lich
 36570 | Depths:3 | 36570 ||| INVOKING Heroism.
 36574 | Depths:3 | Killed a dread lich
 36624 | Depths:3 | 36624 ||| INVOKING Heroism.
 36651 | Depths:3 | Reached skill level 27 in Fighting
 36691 | Depths:3 | 36691 ||| INVOKING Finesse.
 36703 | Depths:3 | Reached XP level 21. HP: 224/224 MP: 23/28
 36723 | Depths:3 | 36723 ||| INVOKING Heroism.
 36738 | Depths:3 | Received a gift from Okawaru
 36764 | Depths:3 | 36764 ||| INVOKING Heroism.
 36847 | Depths:3 | 36847 ||| INVOKING Heroism.
 36852 | Depths:3 | 36852 ||| DRINKING 21 potions of curing.
 36852 | Depths:3 | 36852 ||| (to cure confusion)
 36913 | Depths:3 | Found a one-way gateway to a ziggurat.
 36963 | Depths:3 | Received a gift from Okawaru
 36970 | Depths:3 | Reached skill level 15 in Armour
 37144 | Depths:3 | Found a one-way gate to the infinite horrors of the Abyss.
 37145 | Depths:3 | 37145 ||| Stepping ~*~*~tactically~*~*~ (outnumbered).
 37150 | Depths:3 | 37150 ||| Stepping ~*~*~tactically~*~*~ (outnumbered).
 37235 | Depths:3 | Received a gift from Okawaru
 37256 | Depths:3 | 37256 ||| Stepping ~*~*~tactically~*~*~ (outnumbered).
 37258 | Depths:3 | 37258 ||| INVOKING Heroism.
 37259 | Depths:3 | 37259 ||| INVOKING Finesse.
 37263 | Depths:3 | 37263 ||| Stepping ~*~*~tactically~*~*~ (outnumbered).
 37272 | Depths:3 | 37272 ||| Stepping ~*~*~tactically~*~*~ (outnumbered).
 37308 | Depths:3 | 37308 ||| INVOKING Heroism.
 37316 | Depths:3 | 37316 ||| DRINKING 20 potions of curing.
 37316 | Depths:3 | 37316 ||| (to cure confusion)
 37823 | Depths:4 | 37823 ||| FLEEEEING.
 37826 | Depths:4 | 37826 ||| FLEEEEING.
 37829 | Depths:4 | 37829 ||| STAIRDANCE
 37933 | Depths:4 | 37933 ||| STAIRDANCE
 37958 | Depths:4 | Received a gift from Okawaru
 37975 | Depths:4 | 37975 ||| Stepping ~*~*~tactically~*~*~ (outnumbered).
 38003 | Depths:4 | Found a gate to the Realm of Zot.
 38003 | Depths:4 | Noticed a golden dragon
 38004 | Depths:4 | 38004 ||| INVOKING Heroism.
 38017 | Depths:4 | Reached skill level 21 in Ranged Weapons
 38017 | Depths:4 | 38017 ||| Stepping ~*~*~tactically~*~*~ (cloud).
 38023 | Depths:4 | Killed a golden dragon
 38160 | Depths:4 | 38160 ||| Stepping ~*~*~tactically~*~*~ (cloud).
 38190 | Depths:4 | 38190 ||| FLEEEEING.
 38192 | Depths:4 | 38192 ||| FLEEEEING.
 38252 | Depths:4 | 38252 ||| INVOKING Heroism.
 38375 | Depths:4 | 38375 ||| INVOKING Heroism.
 38403 | Depths:4 | Received a gift from Okawaru
 38452 | Depths:4 | 38452 ||| INVOKING Heroism.
 38732 | Depths:4 | 38732 ||| INVOKING Heroism.
 38760 | Depths:4 | 38760 ||| Stepping ~*~*~tactically~*~*~ (outnumbered).
 38769 | Depths:4 | 38769 ||| Stepping ~*~*~tactically~*~*~ (outnumbered).
 38781 | Depths:4 | 38781 ||| Stepping ~*~*~tactically~*~*~ (outnumbered).
 38783 | Depths:4 | 38783 ||| Stepping ~*~*~tactically~*~*~ (outnumbered).
 38784 | Depths:4 | 38784 ||| Stepping ~*~*~tactically~*~*~ (outnumbered).
 38785 | Depths:4 | 38785 ||| Stepping ~*~*~tactically~*~*~ (outnumbered).
 38787 | Depths:4 | 38787 ||| INVOKING Heroism.
 38828 | Depths:4 | 38828 ||| FLEEEEING.
 38829 | Depths:4 | 38829 ||| FLEEEEING.
 38830 | Depths:4 | 38830 ||| FLEEEEING.
 38831 | Depths:4 | 38831 ||| FLEEEEING.
 38832 | Depths:4 | 38832 ||| FLEEEEING.
 38833 | Depths:4 | 38833 ||| FLEEEEING.
 38836 | Depths:4 | 38836 ||| FLEEEEING.
 38837 | Depths:4 | 38837 ||| FLEEEEING.
 38838 | Depths:4 | 38838 ||| FLEEEEING.
 38839 | Depths:4 | 38839 ||| FLEEEEING.
 38840 | Depths:4 | 38840 ||| FLEEEEING.
 38841 | Depths:4 | 38841 ||| FLEEEEING.
 38842 | Depths:4 | 38842 ||| FLEEEEING.
 38843 | Depths:4 | 38843 ||| FLEEEEING.
 38844 | Depths:4 | 38844 ||| FLEEEEING.
 38845 | Depths:4 | 38845 ||| FLEEEEING.
 38846 | Depths:4 | 38846 ||| FLEEEEING.
 38847 | Depths:4 | 38847 ||| FLEEEEING.
 38848 | Depths:4 | 38848 ||| FLEEEEING.
 38853 | Depths:4 | 38853 ||| FLEEEEING.
 38854 | Depths:4 | 38854 ||| FLEEEEING.
 38855 | Depths:4 | 38855 ||| FLEEEEING.
 38858 | Depths:4 | 38858 ||| STAIRDANCE
 39282 | Depths:4 | 39282 ||| INVOKING Heroism.
 39283 | Depths:4 | 39283 ||| INVOKING Finesse.
 39451 | Depths:4 | 39451 ||| PLANNING VAULTS:5
 39787 | Vaults:5 | Entered Level 5 of the Vaults
 39790 | Vaults:5 | 39790 ||| INVOKING Heroism.
 39802 | Vaults:5 | 39802 ||| INVOKING Finesse.
 39808 | Vaults:5 | 39808 ||| STAIRDANCE
 39814 | Vaults:4 | Reached XP level 22. HP: 97/228 MP: 24/29
 39826 | Vaults:4 | HP: 33/229 [titan (41)]
 39827 | Vaults:4 | 39827 ||| READING 17 scrolls of teleportation.
 39827 | Vaults:4 | HP: 16/229 [titan/the air (18)]
 39827 | Vaults:4 | HP: 5/229 [vault guard/+0 long sword of draining (5)]
 39828 | Vaults:4 | 39828 ||| DRINKING 10 potions of heal wounds.
 39829 | Vaults:4 | 39829 ||| DRINKING 9 potions of heal wounds.
 39997 | Vaults:4 | 39997 ||| INVOKING Heroism.
 40049 | Vaults:5 | HP: 45/233 [green very ugly thing (18)]
 40050 | Vaults:5 | 40050 ||| STAIRDANCE
 40050 | Vaults:5 | HP: 19/233 [???[a deep elf demonologist] (17)]
 40050 | Vaults:5 | HP: 7/233 [vault guard/+0 long sword (12)]
 40052 | Vaults:4 | 40052 ||| READING 16 scrolls of teleportation.
 40052 | Vaults:4 | Mangled by a vault guard

Levels and vault maps discovered:
D:1:      minmay_arrival_jagged, layout_basic
D:2:      layout_basic, hangedman_decor_riveting
D:3:      layout_rooms, portal_sewer_entry_c, uniq_pargi
D:4:      layout_rooms, tso_metal_star, mainiacjoe_overflow_boulevard,
          minmay_temple_entry_arrows, uniq_crazy_yiuf_cottage, uniq_edmund
D:5:      layout_basic, lemuel_coloured_pillars_altar, enter_ossuary_1,
          biasface_ghost_orc_armoury, uniq_blork_the_orc, uniq_sigmund,
          uniq_ijyb, uniq_pikel
D:6:      layout_basic, kennysheep_flooded_box
D:7:      layout_rooms, general_overflow_altar, kennysheep_mini_moat,
          serial_shops, shop, gammafunk_ghost_necromancy,
          minmay_chambers_of_fives, uniq_maggie
D:8:      layout_loops_corners, lair_entry_dummy, uniq_amaemon
D:9:      layout_roguey, nzn_hepliaklqana_mist_gate, jmf_multi_god_temple,
          gammafunk_temple_overflow_statue, orc_0_dummy
D:10:     layout_irregular_city, enter_bailey_5
D:11:     gammafunk_mikee_crab_dinner, layout_basic,
          portal_ice_cave_entry_pillars_2, uniq_maurice
D:12:     layout_roguey, hangedman_abyss_or_decor_passed,
          minmay_misc_feat_nine_boxes
D:13:     layout_irregular_city, david_vaults_3, kennysheep_generic_room_11,
          uniq_snorg, uniq_urug
D:14:     layout_rooms, serial_bayou_pond_e
D:15:     grunt_enter_depths_hoard, layout_irregular_city,
          nicolae_trove_entry_crystal, ebering_dispersal_statue_hall
Temple:   nicolae_temple_bog_church
Lair:1:   layout_long_grid, infiniplex_staircase_pool_2, lemuel_fruit_fields,
          grunt_megastairs_2
Lair:2:   layout_regular_city, spider_nest_entry_webs
Lair:3:   layout_regular_city, elwin_shoals_entry_rocks
Lair:4:   layout_roguey, gammafunk_ghost_hydra_chop, basic_altar
Lair:5:   guppyfry_lair_end_dragon, layout_gridlike, hangedman_lair_in_review,
          slime_entry_1, worms_lemuel
Shoals:1: layout_shoals
Shoals:2: layout_shoals, serial_shops, nicolae_shop_real_fake_doors,
          nicolae_shoals_pincushion_passage
Shoals:3: layout_shoals, nicolae_shoals_wave_tunnel
Shoals:4: shoals_end_grunt_garden, layout_shoals, serial_shops, shop,
          nicolae_shop_clearance, uniq_bai_suzhen
Spider:1: layout_spider_delve, gammafunk_ghost_arena
Spider:2: nicolae_spider_mines_3, nicolae_crawler_farm
Spider:3: layout_spider_delve, nicolae_spider_nook, uniq_arachne, uniq_aizul,
          uniq_donald, uniq_asterion
Spider:4: grunt_spider_rune_parallel
Orc:1:    layout_caves, basic_altar, mines2_david
Orc:2:    st_orc_town, layout_diamond_mine, special_room, rock_pile
Vaults:1: v_misc_13, hangedman_vaults_slice, vaults_dpeg_diagonal,
          nicolae_vaults_cochlea, vaults_mumra_minichess,
          nicolae_vaults_tetromino_T_2, layout_vaults_chaotic_city,
          serial_shops, shop
Vaults:2: hangedman_vaults_variations, v_rooms_4, v_misc_15, vaults_room_pool,
          ontoclasm_vaults_hangar, v_pattern_3,
          nicolae_vaults_shrinking_rooms_2, nicolae_vaults_wine_cellar,
          vaults_dpeg_spiral, vaults_room_pool,
          nicolae_vaults_closet_pinwheel_1, nicolae_vaults_tetromino_L_1,
          layout_vaults_omnicross, dummy_crypt_entry, serial_shops,
          nicolae_shop_hallway_stairs, shop, nicolae_shop_pleasant_corner_grove
Vaults:3: vaults_room_grunt_arrival_checkpoint, v_misc_33,
          nicolae_vaults_lightning_bolt, nicolae_vaults_network_s,
          vaults_standard_mumra_enter_the_diamond, serial_ice_b, v_pattern_2,
          hangedman_vaults_stream, layout_vaults_omnigrid, serial_shops,
          nicolae_shop_hallway_stairs
Vaults:4: nicolae_vaults_frosty_reception, vaults_dpeg_hooks,
          nicolae_vaults_spaceships, hangedman_vaults_slice,
          nicolae_vaults_windows_and_doors_thing, ontoclasm_vaults_pinch,
          nicolae_vaults_weapon_check, nicolae_vaults_sealed_display,
          nicolae_vaults_security_offices_2, grunt_vaults_bifocal, v_misc_8,
          ontoclasm_vaults_loading_screen, serial_ice_b, vaults_room_door_ring,
          layout_vaults_omnibox, serial_shops, nicolae_shop_statue_plus,
          nicolae_shop_hallway_stairs, nicolae_shop_stone, shop, shop
Vaults:5: serial_shops
Depths:1: layout_gridlike, pf_coc_iceberg, nemelex_lonely_heart_becter,
          serial_bayou_shore_a
Depths:2: minmay_dotted_concentric_squares, layout_basic,
          grunt_pan_entry_spiral, hell_entry, infiniplex_staircase_zigzag_1
Depths:3: lemuel_river_lethe, pan_entry, serial_shops, abyss_entry, hell_entry
Depths:4: grunt_x_marks_the_spot, layout_cave_shapes, roderic_serpentine_path,
          abyss_entry, hell_entry, roderic_cross_of_infinity,
          minmay_serpent_palace

Skill      XL: |  1  2  3  4  5  6  7  8  9 10 11 12 13 14 15 16 17 18 19 20 21 |
---------------+----------------------------------------------------------------+-----
Ranged Weapons | 3 5 8 10 12 13 15 16 18 20 22 | 22.0
Fighting       | 2 4 5 7 9 10 11 12 14 16 18 21 24 27 | 27.0
Armour         | 1 2 3 4 5 7 9 10 12 13 17 | 17.6
Dodging        | 4 6 7 8 9 11 12 15 17 19 22 | 22.0
Invocations    | 1 4 8 10 11 | 11.2
Spellcasting   | |  1.0
Hexes          | |  2.0

Action                     |  1- 3 |  4- 6 |  7- 9 | 10-12 | 13-15 | 16-18 | 19-21 | 22-24 || total
---------------------------+-------+-------+-------+-------+-------+-------+-------+-------++-------
   Fire: Sling             |    44 |       |       |       |       |       |       |       ||    44
         Arbalest          |    18 |    42 |   185 |       |       |       |       |       ||   245
         Orcbow            |     5 |       |       |       |       |       |       |       ||     5
         Longbow           |       |       |    21 |   589 |  1287 |  1459 |  1478 |    35 ||  4869
 Invoke: Heroism           |       |       |     1 |    27 |    33 |    30 |    41 |     1 ||   133
         Finesse           |       |       |       |       |     6 |    14 |    12 |       ||    32
    Use: Scroll            |     9 |     6 |     8 |     3 |     9 |     1 |     1 |     2 ||    39
         Potion            |     2 |     2 |     1 |       |     3 |     5 |     4 |     2 ||    19
 Armour: Robe              |     1 |       |       |       |       |       |       |       ||     1
         Ring mail         |     4 |     6 |    23 |     7 |       |       |       |       ||    40
         Steam dragon scal |       |       |       |    83 |    78 |       |       |       ||   161
         Troll leather arm |       |       |       |       |    20 |     4 |       |       ||    24
         Leather armour    |       |       |       |       |       |   102 |    84 |     3 ||   189
  Dodge: Dodged            |    20 |    11 |    56 |   284 |   525 |  1002 |  1271 |   116 ||  3285

Table legend:
 A = Non-vault XP
 B = Vault XP
 C = Vault XP percentage of total XP
 D = Non-vault monster count
 E = Vault monster count
 F = Vault count percentage of total count
                 A         B        C        D         E       F
            +---------+---------+-------+---------+---------+-------
      Total |  394359 |  322995 |  45.0 |    1007 |     582 |  36.6
            +---------+---------+-------+---------+---------+-------
        D:1 |      12 |       0 |   0.0 |       7 |       0 |   0.0
        D:2 |      20 |       0 |   0.0 |      11 |       0 |   0.0
        D:3 |     191 |     160 |  45.6 |      18 |       8 |  30.8
        D:4 |     327 |     173 |  34.6 |      20 |       1 |   4.8
        D:5 |     524 |     984 |  65.3 |      16 |       4 |  20.0
        D:6 |     448 |       0 |   0.0 |      12 |       0 |   0.0
        D:7 |    1652 |    1159 |  41.2 |      35 |       6 |  14.6
        D:8 |    1262 |    1173 |  48.2 |      21 |       2 |   8.7
        D:9 |    4192 |     939 |  18.3 |      30 |       2 |   6.2
       D:10 |    1857 |       7 |   0.4 |      21 |       4 |  16.0
       D:11 |    4324 |     457 |   9.6 |      18 |       1 |   5.3
       D:12 |    5205 |    2915 |  35.9 |      25 |       7 |  21.9
       D:13 |    4436 |    5726 |  56.3 |      13 |      14 |  51.9
       D:14 |    6211 |       0 |   0.0 |      16 |       0 |   0.0
       D:15 |   10814 |    1778 |  14.1 |      24 |       2 |   7.7
     Lair:1 |    6377 |    1318 |  17.1 |      31 |       7 |  18.4
     Lair:2 |    5742 |     348 |   5.7 |      27 |       2 |   6.9
     Lair:3 |    8149 |       0 |   0.0 |      23 |       0 |   0.0
     Lair:4 |    8979 |       0 |   0.0 |      29 |       0 |   0.0
     Lair:5 |    9613 |   12525 |  56.6 |      28 |      38 |  57.6
   Shoals:1 |    5773 |       0 |   0.0 |       9 |       0 |   0.0
   Shoals:2 |    9384 |    6355 |  40.4 |      15 |       9 |  37.5
   Shoals:3 |    9751 |    2089 |  17.6 |      15 |       7 |  31.8
   Shoals:4 |   10745 |   22161 |  67.3 |      18 |      35 |  66.0
   Spider:1 |   13256 |       0 |   0.0 |      36 |       0 |   0.0
   Spider:2 |    7338 |    7067 |  49.1 |      20 |      15 |  42.9
   Spider:3 |   28097 |   10703 |  27.6 |      69 |      16 |  18.8
   Spider:4 |   23676 |   16866 |  41.6 |      52 |      37 |  41.6
      Orc:1 |    3807 |     154 |   3.9 |      28 |       7 |  20.0
      Orc:2 |    6755 |    7574 |  52.9 |      56 |      70 |  55.6
   Vaults:1 |   32037 |    2459 |   7.1 |      45 |       5 |  10.0
   Vaults:2 |   26637 |   17850 |  40.1 |      37 |      22 |  37.3
   Vaults:3 |   29884 |   15555 |  34.2 |      46 |      22 |  32.4
   Vaults:4 |   25359 |   29267 |  53.6 |      37 |      35 |  48.6
   Vaults:5 |     819 |   10201 |  92.6 |       1 |      12 |  92.3
   Depths:1 |   20367 |       0 |   0.0 |      27 |       0 |   0.0
   Depths:2 |   25366 |   15472 |  37.9 |      32 |      17 |  34.7
   Depths:3 |       0 |   82121 | 100.0 |       0 |      97 | 100.0
   Depths:4 |   34973 |   47189 |  57.4 |      39 |      59 |  60.2
      Sewer |       0 |     151 | 100.0 |       0 |       3 | 100.0
    Ossuary |       0 |      99 | 100.0 |       0 |      16 | 100.0
            +---------+---------+-------+---------+---------+-------
